 Dungeon Crawl Stone Soup version 0.27-a0-522-g46bbb28828 (webtiles) character file.

Game seed: 10954007564979324642

129 kae the Chopper (level 5, -9/47 HPs)
             Began as a Hill Orc Fighter on Mar 5, 2021.
             Mangled by an ogre
             ... wielding a +0 giant club
              (23 damage)
             ... on level 2 of the Dungeon.
             The game lasted 00:01:26 (2380 turns).

kae the Chopper (Hill Orc Fighter)                  Turns: 2380, Time: 00:01:27

Health: -9/47      AC:  8    Str: 20    XL:     5   Next: 12%
Magic:  5/5        EV:  7    Int:  8    God:
Gold:   130        SH:  9    Dex: 16    Spells: 4/4 levels left

rFire    . . .     SeeInvis .   a - +0 war axe
rCold    . . .     Faith    .   c - +0 kite shield
rNeg     . . .     Spirit   .   b - +0 scale mail
rPois    .         Reflect  .   q - +0 helmet
rElec    .         Harm     .   (no cloak)
rCorr    .         Rampage  .   (no gloves)
Will     .....                  (no boots)
Stlth    ..........             (no amulet)
HPRegen  0.15/turn              f - +6 ring of dexterity
MPRegen  0.09/turn              (no ring)

@: no status effects
A: no striking features
a: no special abilities


You were on level 2 of the Dungeon.
You visited 1 branch of the dungeon, and saw 3 of its levels.

You collected 130 gold pieces.

Inventory:

Hand Weapons
 a - a +0 war axe (weapon)
Armour
 b - a +0 scale mail (worn)
 c - a +0 kite shield (worn)
 q - a +0 helmet (worn)
Jewellery
 f - a +6 ring of dexterity (left hand)
 n - a +6 ring of strength
Scrolls
 e - 5 scrolls of teleportation
 p - a scroll of magic mapping {unknown}
 r - a scroll of identify
Potions
 d - a potion of might
 g - 2 potions of curing
 h - a potion of ambrosia {unknown}
 i - 2 potions of resistance
 j - 4 potions of flight {unknown}
 k - a potion of heal wounds {unknown}
 l - a potion of invisibility {unknown}
 m - a potion of degeneration {unknown}
 o - a potion of brilliance {unknown}


   Skills:
 + Level 4.6 Fighting
 * Level 5.1 Axes
 + Level 4.2 Armour
 - Level 3.2 Shields


You had 4 spell levels left.
You didn't know any spells.
Your spell library was empty.

Dungeon Overview and Level Annotations

Branches:
Dungeon (3/15)

Altars:
Ashenzari


Message History

Done exploring.
Done exploring.
Done exploring.
Done exploring.
Level map cleared.
There is an open door here.
Items here: ( )) [ †.
There is an open door here.
Things that are here:
a +0 club; a hobgoblin corpse
There is an open door here.
There is an open door here.
There is an open door here.
You see here a +0 short sword.
There is an open door here.
You see here a dart slug corpse.
There is an open door here.
There is a stone staircase leading down here.
The ogre shouts!
An ogre is nearby!
An ogre is nearby!
An ogre is nearby!
An ogre is nearby!
An ogre is nearby!
You hit the ogre but do no damage. The ogre hits you with a +0 giant club!
You slash the ogre!
The ogre is heavily wounded.
The ogre hits you with a +0 giant club!!
Ouch! That really hurt!
* * * LOW HITPOINT WARNING * * *
You are too injured to fight recklessly!
You are too injured to fight recklessly!
You are too injured to fight recklessly!
You are too injured to fight recklessly!
You are too injured to fight recklessly!
You are too injured to fight recklessly!
You slash the ogre!
The ogre is almost dead.
The ogre hits you with a +0 giant club!!
You die...

#....#..).#...#.# #.#
##'####'#####..#.########.#
#..........##..#.##.....#.#
#..........#...#.##.....#.#
#####..##..'...#.##.....#.#
*,,,############........#.#
,,,,,,,,,,,,,,..........#.#
*,,,*,*,*#######.##.....#.#
*,,,*,,,,.......@.........#
*,,,,,,,,......O###.....###
*,,,,,,,,.......**#######
*,,,,,,,,.......**,,,*
*,,,***,,.......**,,,*
*,,,* *,*'####..**,,,*
,,,,* *[*,**,...,,,,,*
**,,* *,*,**,...,,,,,*
**,,* *,*,**,,,,,,,,,*


You could see an ogre.

Vanquished Creatures
  A centaur skeleton (D:2)
  3 adders (D:2)
  3 worms
  3 dart slugs (D:2)
  3 leopard geckos
  A giant cockroach (D:2)
  10 goblins
  11 hobgoblins
  2 ball pythons (D:2)
  5 bats
  5 frilled lizards
  4 kobolds
  6 rats
57 creatures vanquished.

Notes
Turn   | Place    | Note
-------+----------+-------------------------------------------
     0 | D:1      | kae the Hill Orc Fighter began the quest for the Orb.
     0 | D:1      | Reached XP level 1. HP: 19/19 MP: 1/1
    18 | D:1      | Reached skill level 3 in Axes
    27 | D:1      | Reached XP level 2. HP: 20/27 MP: 2/2
   312 | D:1      | Reached XP level 3. HP: 31/33 MP: 3/3
   535 | D:2      | Reached skill level 4 in Axes
  1060 | D:2      | Reached XP level 4. HP: 40/40 MP: 4/4
  1375 | D:2      | Reached skill level 5 in Axes
  1471 | D:2      | Noticed a gnoll sergeant
  1474 | D:2      | Noticed an ogre
  1975 | D:3      | Found a broken altar of Ashenzari.
  2023 | D:3      | Reached XP level 5. HP: 45/47 MP: 5/5
  2380 | D:2      | Mangled by an ogre

Illustrated notes

Levels and vault maps discovered:
D:1:      dpeg_arrival_pits, layout_rooms
D:2:      minmay_chambers_of_twos, layout_basic
D:3:      layout_basic, amethyst_overflow_temple_binary,
          nicolae_ashenzari_panopticon

Skill      XL: |  1  2  3  4 |
---------------+-------------+-----
Axes           | 3 4 5 |  5.1
Fighting       | 4 |  4.6
Armour         | 4 |  4.2
Shields        | |  3.2

Action                   |  1- 3 |  4- 6 || total
-------------------------+-------+-------++-------
Melee: War axe           |    98 |    64 ||   162
  Use: Scroll            |     3 |       ||     3
Armor: Scale mail        |    71 |    12 ||    83
Dodge: Dodged            |    41 |    21 ||    62
Block: Kite shield       |    66 |    33 ||    99

Table legend: (Time is in decaauts)
 A = Elapsed time spent in this place.
 B = Non-inter-level travel time spent in this place.
 C = Inter-level travel time spent in this place.
 D = Time resting spent in this place.
 E = Time spent auto-exploring this place.
 F = Levels seen in this place.
 G = Mean time per level.
                   A        B        C        D        E       F      G
               +--------+--------+--------+--------+--------+-----+--------+
         Total |   2465 |   2418 |     47 |    197 |   1738 |   3 |  821.7 |
       Dungeon |   2465 |   2418 |     47 |    197 |   1738 |   3 |  821.7 |
               +--------+--------+--------+--------+--------+-----+--------+

Top non-repeatable levels by time:
     D:2: 1402 daAuts
     D:1: 767 daAuts
     D:3: 296 daAuts
